 Dungeon Crawl Stone Soup version 0.31.0-12-g77e489cdc1 (webtiles) character file.

Game seed: 6293231128456676775

93228 McKennaii the Devastator (level 15, -1/99 HPs)
             Began as a Demigod Conjurer on Feb 11, 2024.
             Killed from afar by a hell hound (18 damage)
             ... with a blast of flame
             ... led by Azrael
             ... on level 2 of the Orcish Mines.
             The game lasted 00:59:31 (29369 turns).

McKennaii the Devastator (Demigod Conjurer)        Turns: 29369, Time: 00:59:31

Health: -1/99      AC: 10    Str: 12    XL:     15   Next: 18%
Magic:  41/41      EV: 12    Int: 42    God:
Gold:   2451       SH:  0    Dex: 12    Spells: 31/48 levels left

rFire   . . .        B - staff of conjuration
rCold   . . .        (no shield)
rNeg    . . .        o - +2 robe {Will+}
rPois   .            C - +1 hat {Will+}
rElec   .            I - +0 cloak
rCorr   .            (no gloves)
SInv    .            (no boots)
Will    +++..        L - amulet of magic regeneration
Stlth   ++           G - +4 ring of protection
HPRegen 0.36/turn    P - +6 ring of intelligence
MPRegen 0.67/turn

%: no passive effects
@: about to teleport
A: high MP 1, forlorn, divine attributes
a: no special abilities


You were on level 2 of the Orcish Mines.
You visited 3 branches of the dungeon, and saw 21 of its levels.
You also visited: Ossuary.

You collected 2841 gold pieces.
You spent 390 gold pieces at shops.

Inventory:

Hand Weapons
 A - the +10 quarterstaff "Dulyiq Viata" {freeze, Str+4}
   (You found it on level 5 of the Dungeon)

   Str+4:     It affects your strength (+4).
Armour
 o - a +2 robe of willpower (worn)
 C - a +1 hat of willpower (worn)
 I - a +0 cloak (worn)
 N - +0 acid dragon scales
Magical Staves
 y - a staff of cold
 B - a staff of conjuration (weapon)
Jewellery
 e - a ring of poison resistance
 l - a ring of flight
 q - a ring of positive energy
 F - a ring of protection from fire
 G - a +4 ring of protection (left hand)
 K - a ring of willpower
 L - an amulet of magic regeneration (around neck)
 P - a +6 ring of intelligence (right hand)
 U - a ring of wizardry
Wands
 w - a wand of flame (67)
 O - a wand of roots (15)
 R - a wand of mindburst (4)
 S - a wand of polymorph (3)
 T - a wand of charming (5)
Scrolls
 f - 3 scrolls of vulnerability
 h - 5 scrolls of enchant weapon
 k - 2 scrolls of enchant armour
 m - 3 scrolls of noise
 n - 2 scrolls of poison
 p - 3 scrolls of amnesia
 t - 3 scrolls of blinking
 v - 2 scrolls of revelation
 D - a scroll of fog
 H - 6 scrolls of teleportation
 J - 2 scrolls of brand weapon
 Q - 2 scrolls of silence
 W - a scroll of immolation
Potions
 a - 2 potions of ambrosia
 b - 3 potions of magic
 c - 2 potions of resistance
 d - 6 potions of brilliance
 i - 5 potions of haste
 j - 8 potions of curing
 r - 2 potions of lignification
 s - 6 potions of enlightenment
 u - a potion of berserk rage
 x - 3 potions of might
 z - 3 potions of mutation
 E - 3 potions of attraction
 V - 2 potions of cancellation
Miscellaneous
 M - a box of beasts (inert)


   Skills:
 - Level 1.7 Dodging
 - Level 1.7 Stealth
 + Level 17.1 Spellcasting
 + Level 17.9 Conjurations
 - Level 4.0 Earth Magic


You had 31 spell levels left.
You knew the following spells:

 Your Spells              Type           Power      Damage    Failure   Level
a - Magic Dart            Conj           100%       1d8       0%          1
b - Searing Ray           Conj           100%       2d8       0%          2
c - Iskenderun's Mystic   Conj/Tloc      100%       2d19      1%          4
d - Brom's Barrelling Bo  Conj/Erth      100%       2d11      1%          4
e - Bombard               Conj/Erth      56%        9d9       1%          6

Your spell library contained the following spells:

 Spells                   Type           Power      Damage    Failure   Level
 Iskenderun's Battlesphe  Conj           100%       2d15      0%          5
 Apportation              Tloc           70%        N/A       1%          1
 Necrotise                Necr           100%       1d9       1%          1
 Slow                     Hex            100%       N/A       1%          1
 Sting                    Conj/Alch      100%       1d9       1%          1
 Summon Small Mammal      Summ           100%       N/A       1%          1
 Blink                    Tloc           70%        N/A       1%          2
 Call Imp                 Summ           70%        N/A       1%          2
 Cigotuvi's Dreadful Rot  Necr/Alch/Air  70%        N/A       1%          2
 Ensorcelled Hibernation  Hex/Ice        70%        N/A       1%          2
 Mercury Vapours          Alch/Air       70%        N/A       1%          2
 Mephitic Cloud           Conj/Alch/Air  92%        N/A       1%          3
 Fulminant Prism          Conj/Alch      52%        3d22      1%          4
 Freezing Cloud           Conj/Ice/Air   46%        6-21      1%          5
 Irradiate                Conj/Alch      52%        3d29      1%          5
 Confusing Touch          Hex            35%        N/A       2%          3
 Fugue of the Fallen      Necr           35%        N/A       2%          3
 Inner Flame              Hex/Fire       35%        N/A       2%          3
 Ozocubu's Armour         Ice            35%        N/A       2%          3
 Sigil of Binding         Hex            35%        N/A       2%          3
 Tukima's Dance           Hex            35%        N/A       2%          3
 Vampiric Draining        Necr           35%        2d8       2%          3
 Volatile Blastmotes      Fire/Tloc      70%        2d15      2%          3
 Leda's Liquefaction      Alch/Erth      25%        N/A       3%          4
 Lee's Rapid Deconstruct  Erth           31%        3d16*     4%          5
 Anguish                  Hex/Necr       17%        N/A       8%          4
 Animate Dead             Necr           35%        N/A       8%          4
 Dimensional Bullseye     Hex/Tloc       17%        N/A       8%          4
 Dispel Undead            Necr           35%        3d15      8%          4
 Manifold Assault         Tloc           35%        N/A       8%          4
 Martyr's Knell           Necr/Summ      35%        N/A       8%          4
 Borgnjor's Vile Clutch   Necr/Erth      25%        N/A       9%          5
 Spellforged Servitor     Conj/Summ      52%        N/A       16%         7
 Curse of Agony           Necr           35%        N/A       21%         5
 Lehudib's Crystal Spear  Conj/Erth      56%        10d13     47%         8
 Death Channel            Necr           17%        N/A       75%         6
 Ignition                 Fire           17%        3d7       100%        8


Dungeon Overview and Level Annotations

Branches:
Dungeon (14/15)            Temple (0/1) D:4            Lair (5/5) D:8
  Swamp (0/4) Lair:3       Spider (0/4) Lair:3        Slime (0/5) Lair:5
    Orc (2/2) D:10            Elf (0/3) Orc:2       Ossuary (visited)
 Vaults: D:13-14

Shops:
D:1 *   D:4 [   D:9 !*   D:10 (

Annotations:
D:14 2 transporters, Jorgrun; Uummannaq's ghost, journeyman MiFi
Orc:2 Azrael


Innate Abilities, Weirdness & Mutations

You have an increased reservoir of magic. (+10% MP)
You shall have no god before yourself.
Your divine heritage dramatically boosts your attributes as you level up.


Message History

Your larval fireox beast tramples the hell hound.
The hell hound holds its ground!
Unknown command.
Unknown command.
Azrael blows smoke rings.
The hell hound breathes flames at you.
The blast of flame hits the hell hound.
The hell hound completely resists.
The blast of flame hits you!! The hell hound bites you.
Your larval fireox beast barely misses the hell hound.
Your larval fireox beast closely misses the hell hound.
Unknown command.
Azrael gestures at you.
The sphere of damnation explodes!
The damnation engulfs you!!!
The hell hound bites your larval fireox beast. x2
Your larval fireox beast closely misses the hell hound.
Your larval fireox beast barely misses the hell hound.
The hell hound attacks as it pursues you!
The hell hound closely misses you.
The hell hound bites your larval fireox beast.
The hell hound misses you.
Your larval fireox beast completely misses the hell hound.
Your larval fireox beast closely misses the hell hound.
The hell hound bites your larval fireox beast but does no damage.
The hell hound bites your larval fireox beast but does no damage.
Your larval fireox beast hits the hell hound but does no damage.
Your larval fireox beast barely misses the hell hound.
The hell hound bites you.
* * * LOW HITPOINT WARNING * * *
Your larval fireox beast barely misses the hell hound.
Your larval fireox beast misses the hell hound.
Unknown command.
As you read the scroll of teleportation, it crumbles to dust.
You feel strangely unstable. The hell hound bites you.
* * * LOW HITPOINT WARNING * * *
The hell hound bites you!
* * * LOW HITPOINT WARNING * * *
The hell hound breathes flames at you.
The blast of flame hits the hell hound.
The hell hound completely resists.
The blast of flame hits you!!
You die...

.# ###...# #.# .## ### ##....##
###.# ..####.## #.....## ##....
...##...# ##......#### ###.....
.......####........#.# ##.......
........##..........#####........
........#..............###.......
...........Hh....................
#.............#h@..............#.
##......☼○R....h..............###
##....○....###..............## #
#..○☼....####.#.#..........####
###.○.....[[.....#............##.
#...○)...[.[....#............###.
...○...[.()[........)............
..☼....#.....[...................
.......#.#...^...................


You could see Azrael, 3 hell hounds and a friendly larval fireox beast
(summoned).

Vanquished Creatures
  Gastronok (Lair:2)
  An orc warlord (Orc:1)
  A fire dragon (Lair:5)
  5 hydras
  3 catoblepae
  Erolcha (D:9)
  Erica (D:9)
  5 two-headed ogres
  5 boulder beetles
  2 tengu warriors (D:14)
  3 centaur warriors (D:13)
  7 death yaks
  Sonja (Lair:4)
  Amaemon (Lair:3)
  A pharaoh ant (Lair:3)
  Lodul (D:13)
  An orange crystal statue (D:13)
  An obsidian statue (D:13)
  2 deep elf pyromancers
  3 lindwurms
  A wolf spider (Lair:5)
  A manticore (D:14)
  9 ugly things
  3 kobold blastminers
  4 cyclopes
  13 elephants
  A guardian serpent (Lair:5)
  6 torpor snails (Lair:5)
  4 gargoyles
  10 black mambas
  An orange demon (Lair:3)
  19 cane toads
  3 unseen horrors
  A yaktaur (shapeshifter) (D:13)
  An efreet (D:14)
  2 kobold demonologists
  2 rime drakes
  6 komodo dragons
  6 trolls
  12 hornets
  4 polar bears
  3 tyrant leeches (Lair:5)
  13 blink frogs
  9 slime creatures (D:12)
  5 dream sheep (Lair:5)
  2 jumping spiders (Lair:3)
  5 wraiths
  A shadow (D:9)
  14 wyverns
  67 yaks
  2 basilisks
  Grum (D:8)
  7 wargs
  A basilisk (shapeshifter) (D:13)
  7 vampire mosquitoes
  Duvessa (D:7)
  5 acid dragons
  22 water moccasins
  A black bear (D:5)
  11 orc warriors
  3 sky beasts
  An ice beast (D:7)
  33 wolves
  12 ogres
  2 laughing skulls (D:14)
  9 centaurs
  A weeping skull (Ossuary)
  10 kobold brigands
  3 scorpions
  7 bullfrogs
  4 wights (D:7)
  Dowan (D:7)
  3 water moccasin zombies (Ossuary)
  8 killer bees (D:9)
  14 howler monkeys
  2 electric eels (Lair:3)
  7 hounds
  A bombardier beetle (D:5)
  A gnoll bouda (D:8)
  11 orc priests
  2 spectral scorpions (Ossuary)
  15 jellies (Lair:5)
  2 sleepcaps
  6 hell rats (Lair:4)
  18 orc wizards
  3 iguanas
  A crocodile zombie (Ossuary)
  2 mummies (Ossuary)
  6 adders
  7 gnolls
  2 shadow imps (D:6)
  14 white imps
  3 adder zombies (Ossuary)
  A ribbon worm (D:4)
  A dart slug (D:2)
  62 orcs
  2 ball pythons
  4 bats
  3 endoplasms
  A giant cockroach (D:1)
  4 goblins
  2 hobgoblins
  2 jackals (D:3)
  4 quokkas
  3 frilled lizards (D:1)
  11 gnoll zombies (Ossuary)
  27 kobolds
  7 orc zombies (Ossuary)
  3 rats
  A boulder (D:9)
  2 butterflies (Lair:4)
686 creatures vanquished.

Vanquished Creatures (collateral kills)
  Jeremiah (D:9)
  2 yaks
  49 boulders
52 creatures vanquished.

Vanquished Creatures (others)
  121 boulders
121 creatures vanquished.

Grand Total: 859 creatures vanquished

Notes
Turn   | Place    | Note
-------+----------+-------------------------------------------
     0 | D:1      | McKennaii the Demigod Conjurer began the quest for the Orb.
     0 | D:1      | Reached XP level 1. HP: 14/14 MP: 5/5
   455 | D:1      | Found Ledy's General Store.
   635 | D:1      | Reached XP level 2. HP: 20/20 MP: 4/7
   638 | D:1      | Learned a level 2 spell: Searing Ray
   871 | D:2      | Identified the +2 robe of the Onion {Int+2}
  1062 | D:2      | Identified the +0 robe of the Trilobite {Rampage rF++ Str-3
                  | Dex+2}
  1511 | D:2      | Reached XP level 3. HP: 21/26 MP: 1/9
  2671 | D:3      | Reached XP level 4. HP: 33/33 MP: 6/11
  3130 | D:4      | Found Fere's Antique Armour Boutique.
  3173 | D:4      | Found a sand-covered staircase.
  3238 | D:4      | Reached skill level 5 in Conjurations
  3238 | D:4      | Reached XP level 5. HP: 23/38 MP: 0/13
  3317 | Ossuary  | Entered an ossuary
  3400 | Ossuary  | Reached XP level 6. HP: 41/45 MP: 7/15
  4232 | D:4      | Reached XP level 7. HP: 39/50 MP: 10/17
  4464 | D:4      | Found a staircase to the Ecumenical Temple.
  4478 | D:4      | Learned a level 4 spell: Iskenderun's Mystic Blast
  4624 | D:5      | Entered Level 5 of the Dungeon
  4629 | D:5      | Reached skill level 5 in Spellcasting
  5056 | D:5      | Identified the +10 quarterstaff "Dulyiq Viata" {freeze,
                  | Str+4}
  5230 | D:5      | Got Luliruf's Vademecum on Clay and Coordinates
  5236 | D:5      | Learned a level 4 spell: Brom's Barrelling Boulder
  5730 | D:6      | Reached XP level 8. HP: 41/57 MP: 13/20
  7090 | D:7      | Reached XP level 9. HP: 62/62 MP: 15/24
  7375 | D:7      | Noticed Dowan
  7411 | D:7      | Noticed Duvessa
  7412 | D:7      | Killed Dowan
  7431 | D:7      | Killed Duvessa
  8536 | D:7      | Noticed an angel
  8536 | D:7      | Noticed a blizzard demon
  8552 | D:7      | Reached skill level 10 in Conjurations
  9088 | D:8      | Noticed Grum
  9114 | D:8      | Killed Grum
  9310 | D:8      | Noticed a two-headed ogre
  9350 | D:8      | Killed a two-headed ogre
  9351 | D:8      | Reached XP level 10. HP: 69/69 MP: 8/27
  9475 | D:8      | Found a staircase to the Lair.
 10335 | D:9      | Found Migussya's Distillery.
 10489 | D:9      | Bought a potion of heal wounds for 65 gold pieces
 10489 | D:9      | Bought a potion of resistance for 130 gold pieces
 10489 | D:9      | Bought a potion of enlightenment for 65 gold pieces
 10489 | D:9      | Bought a potion of haste for 130 gold pieces
 10536 | D:9      | Noticed Jeremiah
 10789 | D:9      | Killed Jeremiah
 10798 | D:9      | Reached skill level 10 in Spellcasting
 11087 | D:9      | Found Gozag's Platinum Reserve.
 11955 | D:9      | Reached XP level 11. HP: 74/74 MP: 15/30
 12209 | D:9      | Noticed Erica
 12221 | D:9      | Killed Erica
 12440 | D:9      | Noticed Erolcha
 12462 | D:9      | Killed Erolcha
 12614 | D:9      | Identified the +3 leather armour of Wigiukk {rF+}
 12851 | D:10     | Entered Level 10 of the Dungeon
 12852 | D:10     | Found a staircase to the Orcish Mines.
 12865 | D:10     | Found Toupp's Weapon Shop.
 14748 | D:12     | Noticed a two-headed ogre
 14774 | D:12     | Killed a two-headed ogre
 15351 | D:12     | Noticed a two-headed ogre
 15369 | D:12     | Killed a two-headed ogre
 15370 | D:12     | Reached XP level 12. HP: 81/81 MP: 21/33
 16102 | D:13     | Noticed a centaur warrior
 16104 | D:13     | HP: 3/81 [centaur warrior/arrow (22)]
 16224 | Lair:1   | Entered Level 1 of the Lair of Beasts
 16466 | Lair:1   | Noticed a catoblepas
 16486 | Lair:1   | Killed a catoblepas
 16620 | Lair:1   | Identified the +4 falchion "Cafyij" {heavy, rElec rN+ MP-9
                  | Str+3}
 17444 | Lair:2   | Noticed Gastronok
 17993 | Lair:2   | Killed Gastronok
 17994 | Lair:2   | Reached skill level 15 in Conjurations
 18746 | Lair:3   | Found a hole to the Spider Nest.
 18748 | Lair:3   | Noticed a catoblepas
 18761 | Lair:3   | Reached XP level 13. HP: 76/86 MP: 25/36
 19302 | Lair:3   | Found a dark tunnel.
 19411 | Lair:3   | Found a staircase to the Swamp.
 20381 | Lair:3   | Learned a level 6 spell: Bombard
 20446 | Lair:4   | Reached skill level 1 in Earth Magic
 20492 | Lair:3   | Noticed Amaemon
 20499 | Lair:3   | Killed Amaemon
 21506 | Lair:4   | Noticed Sonja
 21530 | Lair:4   | Killed Sonja
 21816 | Lair:5   | Entered Level 5 of the Lair of Beasts
 21822 | Lair:5   | Reached skill level 15 in Spellcasting
 22337 | Lair:5   | Reached XP level 14. HP: 91/93 MP: 17/38
 22498 | Lair:5   | Found a staircase to the Slime Pits.
 26133 | D:13     | Noticed Lodul
 26161 | D:13     | Killed Lodul
 26854 | D:14     | Noticed Jorgrun
 27564 | D:14     | Found a transporter.
 27564 | D:14     | Noticed Uummannaq's ghost (journeyman MiFi)
 27666 | D:14     | Found a transporter.
 27907 | D:14     | Reached XP level 15. HP: 99/99 MP: 30/41
 28236 | Orc:1    | Entered Level 1 of the Orcish Mines
 28457 | Orc:2    | Entered Level 2 of the Orcish Mines
 28551 | Orc:2    | Found a staircase to the Elven Halls.
 28659 | Orc:1    | Found a frozen archway.
 28933 | Orc:2    | Noticed Azrael
 29369 | Orc:2    | Killed from afar by a hell hound

Illustrated notes

Levels and vault maps discovered:
D:1:      dpeg_arrival_signposts, layout_basic, serial_shops, shop
D:2:      layout_basic, serial_bayou_lagoon_a
D:3:      layout_loops_corners, nicolae_uskayaw_suspiria
D:4:      layout_basic, minmay_temple_entry_large_hall, serial_shops,
          nicolae_shop_stone, enter_ossuary_2
D:5:      layout_rooms, serial_rivers, chequers_serial_rivers_micro_a,
          chequers_serial_rivers_small_b, chequers_serial_rivers_micro_d,
          chequers_serial_rivers_micro_d, chequers_serial_rivers_room_a,
          chequers_serial_rivers_micro_a
D:6:      layout_basic
D:7:      minmay_evil_eye, layout_layer_cave,
          grunt_temple_overflow_order_and_chaos_2,
          mainiacjoe_overflow_catch_the_wave, uniq_duvessa
D:8:      layout_gridville, erik_lair_orcish_takeover,
          nicolae_underground_beach, uniq_grum
D:9:      layout_loops_ring, nicolae_overflow_crystal_walls,
          nicolae_gozag_zags_fifth_avenue, overflow_temple_1_default,
          serial_shops, nicolae_shop_waterfront, grunt_ministairs_1,
          uniq_jeremiah, uniq_erolcha, uniq_erica
D:10:     layout_loops_cross, marbit_many_paths, mainiacjoe_overflow_boulevard,
          orc_0_dummy, serial_shops, nicolae_shop_crystal
D:11:     layout_rooms
D:12:     layout_long_grid
D:13:     layout_cave_pools, nrook_pool_corridor, minmay_more_statues,
          uniq_lodul
D:14:     layout_loops_ring, hellmonk_vaults_attempted_burglary,
          gammafunk_ghost_mausoleum, serial_co_window_serial,
          co_window_of_opportunity_a, co_window_corner_a, co_window_paths_a,
          co_window_paths_a, co_window_paths_b, co_window_unsneaky_path_a,
          co_window_corner_b, co_window_unsneaky_path_e, co_window_corner_b,
          co_window_of_opportunity_c, co_window_sun, lemuel_flame_loot_1,
          uniq_jorgrun
Lair:1:   layout_cave_pods, lemuel_fruit_tree
Lair:2:   layout_cave_pods, uniq_gastronok
Lair:3:   layout_roguey, minmay_swamp_entry_eels,
          nicolae_spider_entry_lesser_pyramids, nicolae_volcano_entry_vermiform,
          eino_small_chamber_without_monster, minmay_stone_trees_small,
          uniq_amaemon
Lair:4:   layout_gridlike, beast_lair_carwin_7, infiniplex_staircase_pool,
          grunt_megastairs_4, lemuel_fruit_fields, uniq_sonja
Lair:5:   hangedman_lair_tendril_chambers, layout_misc_corridors, wormcave,
          minmay_slime_entry_jelly_boxes, hangedman_lair_unloving_vines,
          serial_bayou_shore_b
Orc:1:    layout_diamond_mine, portal_ice_cave_entry_imps
Orc:2:    st_orc_mages, layout_diamond_mine, uniq_azrael

Skill      XL: |  1  2  3  4  5  6  7  8  9 10 11 12 13 14 15 |
---------------+----------------------------------------------+-----
Spellcasting   | 2 3 4 6 7 9 10 12 14 15 16 17 | 17.1
Conjurations   | 4 5 6 7 8 10 12 13 15 16 17 | 17.9
Earth Magic    | 4 |  4.0
Dodging        | |  1.7
Stealth        | |  1.7

Action                     |  1- 3 |  4- 6 |  7- 9 | 10-12 | 13-15 || total
---------------------------+-------+-------+-------+-------+-------++-------
  Melee: Unarmed           |     1 |     4 |     2 |       |       ||     7
         Quarterstaff      |       |       |     3 |    45 |     5 ||    53
         Staff             |       |       |       |    11 |    14 ||    25
   Cast: Magic Dart        |    54 |    16 |   136 |    96 |   108 ||   410
         Searing Ray       |     4 |    31 |    52 |    27 |    10 ||   124
         Brom's Barrelling |       |       |    27 |   182 |    61 ||   270
         Iskenderun's Myst |       |       |     3 |   100 |   192 ||   295
         Bombard           |       |       |       |       |   181 ||   181
  Evoke: Wand              |       |       |       |     1 |     8 ||     9
         Box of beasts     |       |       |       |       |     1 ||     1
    Use: Potion            |       |     1 |       |     2 |     1 ||     4
         Scroll            |       |       |       |    18 |     6 ||    24
 Armour: Robe              |     7 |    26 |    36 |   148 |   238 ||   455
  Dodge: Dodged            |    19 |    78 |    85 |    94 |   102 ||   378
